 Dungeon Crawl Stone Soup version 0.30-a0-422-g946f4849ff (webtiles) character file.

Game seed: 15420492453325659981

8204 ragingrage the Zephyrmancer (level 11, 0/71 HPs)
             Began as an Octopode Air Elementalist on Dec 8, 2022.
             Was an Initiate of Gozag.
             Slain by a skeletal warrior
             ... wielding the +5 dagger "Glorpo" {vorpal, Int+3 Dex+2 Stlth+}
              (5 damage)
             ... on level 9 of the Dungeon.
             The game lasted 00:19:28 (15345 turns).

ragingrage the Zephyrmancer (OpAE)                 Turns: 15345, Time: 00:19:29

Health: 0/71       AC:  1    Str:  7    XL:     11   Next: 27%
Magic:  0/27       EV: 19    Int: 23    God:    Gozag
Gold:   1342       SH:  0    Dex: 12    Spells: 10/20 levels left

rFire   . . .      SeeInvis .    n - +1 short sword (elec)
rCold   . . .      Faith    .    (no shield)
rNeg    . . .      Spirit   .    (helmet restricted)
rPois   .          Reflect  .    L - amulet of the acrobat
rElec   .          Harm     .    o - ring of magical power
rCorr   .          Rampage  .    y - +4 ring of evasion
Will    .....                    (no ring)
Stlth   +++++.....               (no ring)
HPRegen 0.31/turn                (no ring)
MPRegen 0.20/turn                (no ring)
                                 (no ring)
                                 (no ring)

@: very slightly contaminated
A: almost no armour, amphibious, 8 rings, camouflage 1, gelatinous body 1,
(nimble swimmer 1), tentacles
a: Renounce Religion, Potion Petition, Call Merchant, Bribe Branch


You were on level 9 of the Dungeon.
You worshipped Gozag.
Gozag was most pleased with you.
You visited 2 branches of the dungeon, and saw 10 of its levels.
You also visited: Bailey.

You collected 1446 gold pieces.
You paid 104 gold pieces to Gozag.

Inventory:

Hand Weapons
 n - a +1 short sword of electrocution (weapon)
Missiles
 q - 28 poisoned darts
 K - a curare-tipped dart
Magical Staves
 B - a staff of fire
Jewellery
 o - a ring of magical power (left tentacle)
 y - a +4 ring of evasion (right tentacle)
 z - an amulet of reflection
 G - a ring of fire
 L - an amulet of the acrobat (around mantle)
Wands
 b - a wand of charming (7)
 A - a wand of digging (7)
 I - a wand of polymorph (9)
Scrolls
 c - 2 scrolls of butterflies {unknown}
 i - 2 scrolls of teleportation {unknown}
 j - 2 scrolls of identify
 k - 3 scrolls of magic mapping {unknown}
 l - 3 scrolls of amnesia
 r - 4 scrolls of noise
 s - a scroll of enchant armour {unknown}
 t - 2 scrolls of brand weapon {unknown}
 u - a scroll of poison {unknown}
 v - 2 scrolls of immolation {unknown}
 w - a scroll of torment {unknown}
 x - a scroll of blinking {unknown}
 C - a scroll of vulnerability {unknown}
 F - 2 scrolls of summoning {unknown}
 J - a scroll of enchant weapon {unknown}
Potions
 a - 2 potions of magic
 d - 2 potions of mutation {unknown}
 e - 2 potions of haste
 f - 2 potions of attraction {unknown}
 g - 8 potions of curing
 h - a potion of flight
 m - 7 potions of heal wounds
 p - 2 potions of cancellation {unknown}
 D - 3 potions of invisibility
 E - 2 potions of brilliance
 H - a potion of degeneration {unknown}


   Skills:
 + Level 5.0 Fighting
 + Level 5.5 Dodging
 + Level 7.9 Stealth
 - Level 5.0 Spellcasting
 - Level 5.0 Conjurations
 + Level 12.7 Air Magic
 - Level 3.0 Evocations


You had 10 spell levels left.
You knew the following spells:

 Your Spells              Type           Power      Damage    Failure   Level
a - Shock                 Conj/Air       100%       1d9       1%          1
b - Static Discharge      Conj/Air       92%        2-6/arc   1%          2
c - Swiftness             Air            59%        N/A       1%          3
d - Airstrike             Air            29%        2d(5-21)  1%          4

Your spell library contained the following spells:

 Spells                   Type           Power      Damage    Failure   Level
 Scorch                   Fire           10%        2d5       14%         2
 Call Canine Familiar     Summ           5%         N/A       28%         3
 Portal Projectile        Hex/Tloc       10%        N/A       28%         3
 Flame Wave               Conj/Fire      17%        2d7       32%         4
 Leda's Liquefaction      Hex/Erth       2%         N/A       67%         4
 Manifold Assault         Tloc           5%         N/A       67%         4
 Dispersal                Tloc           2%         N/A       100%        6
 Summon Cactus Giant      Summ           2%         N/A       100%        6
 Malign Gateway           Summ/Tloc      2%         N/A       100%        7
 Disjunction              Tloc           2%         N/A       100%        8
 Summon Horrible Things   Summ           2%         N/A       100%        8


Dungeon Overview and Level Annotations

Branches:
Dungeon (9/15)             Temple (1/1) D:5          Bailey (visited)
   Lair: D:8-11         Orc: D:9-12

Altars:
Ashenzari
Dithmenos
Elyvilon
Gozag
Hepliaklqana
Kikubaaqudgha
Makhleb
Nemelex Xobeh
Okawaru
Qazlal
Ru
Sif Muna
Trog
Uskayaw
Vehumet
Wu Jian
Xom
Yredelemnul
Zin
The Shining One

Shops:
D:2 [   D:5 [

Annotations:
D:6 5 runed translucent doors, exclusion: 2 doors, Crazy Yiuf
D:8 exclusion: downstairs, Gastronok


Innate Abilities, Weirdness & Mutations

You cannot wear most types of armour.
You are amphibious.
You can wear up to eight rings at the same time.
Your skin changes colour to match your surroundings (Stealth+).
Your rubbery body absorbs attacks. (AC +1, EV +1)
((You are camouflaged when in or above water. (Stealth+)))
You have tentacles for arms and can constrict up to eight enemies at once.


Message History

Press: ? - help, Dir - move target, f/p - skeletal warrior
Aim: a skeletal warrior, wielding the +5 dagger "Glorpo" {vorpal, Int+3 Dex+2 Stlth+} and wearing a +0 ring mail (heavily damaged, empty space bonus: 8/8)
The air twists around and strikes the skeletal warrior!
The skeletal warrior is severely damaged.
Casting: Airstrike (mildly dangerous; 1% risk of failure)
Confirm with . or Enter, or press ? or * to list all spells.
Aiming: Airstrike (mildly dangerous; 1% risk of failure)
Press: ? - help, Dir - move target, f/p - skeletal warrior
Aim: a skeletal warrior, wielding the +5 dagger "Glorpo" {vorpal, Int+3 Dex+2 Stlth+} and wearing a +0 ring mail (severely damaged, empty space bonus: 6/8)
You miscast Airstrike.
You are very lightly contaminated with residual magic.
Nothing appears to happen.
Casting: Airstrike (mildly dangerous; 1% risk of failure)
Confirm with . or Enter, or press ? or * to list all spells.
Aiming: Airstrike (mildly dangerous; 1% risk of failure)
Press: ? - help, Dir - move target, f/p - skeletal warrior
Aim: a skeletal warrior, wielding the +5 dagger "Glorpo" {vorpal, Int+3 Dex+2 Stlth+} and wearing a +0 ring mail (severely damaged, empty space bonus: 6/8)
The air twists around and strikes the skeletal warrior.
The skeletal warrior is almost destroyed.
Casting: Airstrike (mildly dangerous; 1% risk of failure)
Confirm with . or Enter, or press ? or * to list all spells.
Aiming: Airstrike (mildly dangerous; 1% risk of failure)
Press: ? - help, Dir - move target, f/p - skeletal warrior
Aim: a skeletal warrior, wielding the +5 dagger "Glorpo" {vorpal, Int+3 Dex+2 Stlth+} and wearing a +0 ring mail (almost destroyed, empty space bonus: 5/8)
The air twists around and strikes the skeletal warrior.
The skeletal warrior is almost destroyed.
The skeletal warrior hits you with the +5 dagger "Glorpo" {vorpal, Int+3 Dex+2 Stlth+}!
Okay, then.
Okay, then.
You barely miss the skeletal warrior. Your grab misses the skeletal warrior.
The skeletal warrior is almost destroyed.
The skeletal warrior hits you with the +5 dagger "Glorpo" {vorpal, Int+3 Dex+2 Stlth+}!!
You hit the skeletal warrior but do no damage.
You grab the skeletal warrior.
The skeletal warrior is almost destroyed.
You constrict the skeletal warrior, but do no damage.
The skeletal warrior hits you with the +5 dagger "Glorpo" {vorpal, Int+3 Dex+2 Stlth+}!!
* * * LOW HITPOINT WARNING * * *
You die...
Your body crumbles into a pile of gold.

.....#
#......................#
....##
##.....[...............#
....#
#.....)...#.........###
...##
##......).#.........##
...#
#......$............#
..##
##....$.............#
..#
#...##.###..##.....##
.##
##..#.z.##..###.#...# .#
#....@..#.##.......# ##
###.).#.........####
###...>.##.####
###....#...# ###......#
###....# ###.## .# ##


You could see a skeletal warrior.

Vanquished Creatures
  A centaur warrior (D:9)
  Amaemon (D:8)
  A cyclops (D:9)
  Joseph (D:7)
  2 trolls (D:9)
  A hornet (D:9)
  Prince Ribbit (D:7)
  Grinder (D:3)
  Eustachio (D:6)
  8 yaks
  2 wyverns (D:8)
  A steam dragon (D:8)
  2 water moccasins
  2 acid dragons (D:8)
  Duvessa (D:6)
  2 orc warriors
  A black bear (D:4)
  An ogre (D:6)
  2 sky beasts
  An ice beast (D:6)
  2 centaurs
  A phantom (D:6)
  3 kobold brigands
  Blork the orc (D:5)
  2 bullfrogs
  2 necrophages
  A gnoll sergeant (D:6)
  4 scorpions
  Dowan (D:6)
  10 killer bees
  A howler monkey (D:4)
  A gnoll bouda (D:9)
  4 hounds
  5 orc priests
  3 jellies
  An iguana (D:5)
  2 orc wizards
  20 gnolls
  9 adders
  3 shadow imps
  6 worms
  3 dart slugs
  40 orcs
  5 ball pythons
  6 bats
  5 endoplasms
  4 giant cockroaches
  13 goblins
  5 hobgoblins
  10 jackals
  17 kobolds
  A quokka (D:2)
  A frilled lizard (D:2)
225 creatures vanquished.

Vanquished Creatures (collateral kills)
  A black bear (D:8)
  An orc priest (D:8)
  An orc wizard (D:8)
  2 orcs (D:8)
5 creatures vanquished.

Vanquished Creatures (others)
  2 fungi
2 creatures vanquished.

Grand Total: 232 creatures vanquished

Notes
Turn   | Place    | Note
-------+----------+-------------------------------------------
     0 | D:1      | ragingrage the Octopode Air Elementalist began the quest
                  | for the Orb.
     0 | D:1      | Reached XP level 1. HP: 11/11 MP: 3/3
   128 | D:1      | Reached XP level 2. HP: 7/17 MP: 1/5
   613 | D:1      | Found a faded altar of an unknown god.
   934 | D:2      | Reached XP level 3. HP: 21/21 MP: 0/6
  1508 | D:2      | Found Byug's Antique Armour Boutique.
  1622 | D:2      | Found a basalt altar of Yredelemnul.
  1708 | D:2      | Reached XP level 4. HP: 27/27 MP: 1/8
  2582 | D:3      | Reached skill level 4 in Air Magic
  2582 | D:3      | Reached XP level 5. HP: 30/31 MP: 4/9
  2784 | D:3      | Learned a level 2 spell: Static Discharge
  2788 | D:3      | Learned a level 3 spell: Swiftness
  2793 | D:3      | Learned a level 4 spell: Airstrike
  2878 | D:3      | Noticed a centaur
  2910 | D:3      | Killed a centaur
  3033 | D:3      | Noticed Grinder
  3051 | D:4      | Reached XP level 6. HP: 21/36 MP: 10/10
  3119 | D:4      | Noticed a black bear
  3136 | D:3      | Killed Grinder
  3137 | D:3      | Reached skill level 5 in Air Magic
  3137 | D:3      | Reached XP level 7. HP: 27/41 MP: 5/11
  3299 | D:3      | Found a shimmering altar of Xom.
  3917 | D:4      | Reached skill level 5 in Conjurations
  3978 | D:4      | Found a stormy altar of Qazlal.
  4089 | D:4      | Found a shimmering blue altar of Sif Muna.
  4277 | D:4      | Reached skill level 6 in Air Magic
  4330 | D:4      | Found a bloodstained altar of Trog.
  4404 | D:4      | Reached skill level 7 in Air Magic
  4579 | D:4      | Reached XP level 8. HP: 46/46 MP: 12/12
  4881 | D:5      | Entered Level 5 of the Dungeon
  4881 | D:5      | Found an ancient bone altar of Kikubaaqudgha.
  4940 | D:5      | Found a hazy altar of Hepliaklqana.
  5032 | D:5      | Found a staircase to the Ecumenical Temple.
  5052 | Temple   | Entered the Ecumenical Temple
  5358 | D:5      | Reached skill level 8 in Air Magic
  5432 | D:5      | Found Anizace's Armour Shoppe.
  6095 | D:5      | Noticed Blork the orc
  6097 | D:5      | Killed Blork the orc
  6115 | D:5      | Reached skill level 9 in Air Magic
  6385 | D:6      | Found a broken altar of Ashenzari.
  6669 | D:6      | Found a large runed translucent door.
  6669 | D:6      | Found a large runed translucent door.
  6690 | D:6      | Reached skill level 10 in Air Magic
  6690 | D:6      | Reached XP level 9. HP: 40/51 MP: 13/13
  6827 | D:6      | Found a runed translucent door.
  6828 | D:6      | Noticed Crazy Yiuf
  6893 | D:6      | Noticed Eustachio
  6915 | D:6      | Killed Eustachio
  7010 | D:6      | Found a large runed translucent door.
  7012 | D:6      | Found a large runed translucent door.
  7086 | D:6      | Found an opulent altar of Gozag.
  7112 | D:6      | Became a worshipper of Gozag Ym Sagoz the Greedy
  7279 | D:6      | Noticed a boulder beetle
  7470 | D:6      | Reached skill level 11 in Air Magic
  7502 | D:6      | Noticed Duvessa
  7504 | D:6      | Noticed Dowan
  7511 | D:6      | Killed Dowan
  7514 | D:6      | Killed Duvessa
  7851 | D:7      | Found a flagged portal.
  7951 | Bailey   | Entered a bailey
  8888 | D:7      | Noticed Joseph
  9066 | D:7      | Reached skill level 1 in Fighting
  9067 | D:7      | Reached skill level 1 in Evocations
  9815 | D:8      | Noticed an orange demon
  9892 | D:8      | Reached XP level 10. HP: 33/60 MP: 15/15
 10658 | D:7      | Noticed Prince Ribbit
 10667 | D:7      | Killed Prince Ribbit
 10668 | D:7      | Reached skill level 12 in Air Magic
 11181 | D:8      | Found an ornate altar of the Wu Jian Council.
 11470 | D:8      | Reached skill level 5 in Stealth
 11690 | D:8      | Noticed Gastronok
 12664 | D:8      | Noticed Amaemon
 12954 | D:8      | Killed Amaemon
 13990 | D:9      | Noticed a cyclops
 13992 | D:9      | Killed a cyclops
 13993 | D:9      | Reached skill level 5 in Spellcasting
 13993 | D:9      | Reached XP level 11. HP: 69/69 MP: 17/18
 14071 | D:9      | Noticed a centaur warrior
 14077 | D:9      | Killed a centaur warrior
 14078 | D:9      | Reached skill level 5 in Dodging
 14441 | D:9      | Identified the +5 dagger "Glorpo" {vorpal, Int+3 Dex+2
                  | Stlth+}
 14441 | D:9      | Noticed a skeletal warrior
 14939 | D:7      | Killed Joseph
 15168 | D:8      | Reached skill level 5 in Fighting
 15345 | D:9      | Slain by a skeletal warrior

Illustrated notes

Levels and vault maps discovered:
D:1:      dpeg_arrival_connections, layout_loops_ring, basic_ecumenical_altar
D:2:      minmay_recursive_quarters, layout_loops_ring, basic_altar,
          serial_shops, nicolae_shop_hallway_plus, minmay_strange_pillars
D:3:      layout_basic, lemuel_crystal_altar, kennysheep_generic_room_11,
          uniq_grinder
D:4:      layout_basic, nicolae_qazlal_scattered_showers,
          mainiacjoe_overflow_brackets, general_overflow_altar,
          mrwooster_statue_mirror, hangedman_abyss_or_decor_slice
D:5:      layout_gridville, mainiacjoe_overflow_chevrons,
          mainiacjoe_overflow_six_doors_small, minmay_temple_entry_hall,
          serial_shops, nicolae_shop_behind_doors, uniq_blork_the_orc
D:6:      layout_basic, nicolae_gozag_seed_capital, cheibrodos_ashenzari_chains,
          minmay_hollow_rounded_squares, uniq_duvessa, uniq_crazy_yiuf_cottage,
          uniq_eustachio
D:7:      layout_loops_ring, enter_bailey_3, uniq_joseph, uniq_prince_ribbit1
D:8:      layout_basic, amcnicky_altar_gilded, uniq_amaemon, uniq_gastronok
D:9:      minmay_the_grid_four_pointed_star_mashed
          [minmay_the_grid_triangle_9x9_fully_insulated_deathbox,
          minmay_the_grid_triangle_9x9_alien,
          minmay_the_grid_triangle_9x9_minimal,
          minmay_the_grid_triangle_9x9_limited_checkers,
          minmay_the_grid_prize_four_corners_diamond_b], layout_cave_pools,
          fedhas_altar_fruit_tree, lair_entry_dummy, kennysheep_flooded_box
Temple:   minmay_temple_curvy_loop

Skill      XL: |  1  2  3  4  5  6  7  8  9 10 11 |
---------------+----------------------------------+-----
Conjurations   | 2 3 4 5 |  5.0
Spellcasting   | 3 5 |  5.0
Air Magic      | 4 5 7 10 11 12 | 12.7
Stealth        | 4 7 |  7.9
Fighting       | 2 4 5 |  5.0
Evocations     | 2 3 |  3.0
Dodging        | 3 4 5 |  5.5

Action                   |  1- 3 |  4- 6 |  7- 9 | 10-12 || total
-------------------------+-------+-------+-------+-------++-------
Melee: Unarmed           |    13 |       |       |       ||    13
       Constrict         |     6 |     2 |     7 |     4 ||    19
       Tentacles         |     3 |     3 |     6 |     2 ||    14
       Spear             |    12 |       |       |       ||    12
       Dagger            |     3 |       |       |       ||     3
       Trident           |       |    10 |       |       ||    10
       Short sword       |       |       |    18 |    11 ||    29
 Cast: Shock             |    62 |    62 |   269 |    50 ||   443
       Static Discharge  |       |       |    14 |     8 ||    22
       Airstrike         |       |       |    27 |    95 ||   122
       Swiftness         |       |       |       |     1 ||     1
Evoke: Wand              |       |       |     3 |       ||     3
  Use: Scroll            |       |       |     5 |     1 ||     6
       Potion            |       |       |     1 |       ||     1
 Stab: Sleeping          |       |     1 |     2 |       ||     3
Armor: Skin              |     3 |     4 |     1 |       ||     8
Dodge: Dodged            |    23 |    16 |    70 |    47 ||   156
Block: Other             |       |       |    10 |    14 ||    24
       Reflection        |       |       |       |     2 ||     2

Table legend: (Time is in decaauts)
 A = Elapsed time spent in this place.
 B = Non-inter-level travel time spent in this place.
 C = Inter-level travel time spent in this place.
 D = Time resting spent in this place.
 E = Time spent auto-exploring this place.
 F = Levels seen in this place.
 G = Mean time per level.
                   A        B        C        D        E       F      G
               +--------+--------+--------+--------+--------+-----+--------+
         Total |  15351 |  14429 |    922 |   5130 |   7185 |  11 | 1395.5 |
       Dungeon |  14246 |  13351 |    895 |   4654 |   6828 |   9 | 1582.9 |
        Temple |    211 |    184 |     27 |      0 |    180 |   1 |  211.0 |
        Bailey |    893 |    893 |      0 |    476 |    177 |   1 |  893.0 |
               +--------+--------+--------+--------+--------+-----+--------+

Top non-repeatable levels by time:
     D:8: 3565 daAuts
     D:7: 1739 daAuts
     D:6: 1639 daAuts
     D:2: 1464 daAuts
     D:3: 1348 daAuts
     D:4: 1220 daAuts
     D:9: 1199 daAuts
     D:5: 1080 daAuts
     D:1: 988 daAuts
  Bailey: 893 daAuts
  Temple: 211 daAuts
